 Dungeon Crawl Stone Soup version 0.21.1-1-g345015f (webtiles) character file.

52 inc the Shield-Bearer (level 3, 0/26 HPs)
             Began as an Octopode Fighter on Apr 24, 2018.
             Slain by a giant cockroach (1 damage)
             ... on level 2 of the Dungeon.
             The game lasted 00:00:57 (791 turns).

inc the Shield-Bearer (Octopode Fighter)             Turns: 791, Time: 00:00:57

Health: 0/26       AC:  1    Str: 15    XL:     3   Next: 85%
Magic:  3/3        EV: 12    Int: 10    God:
Gold:   21         SH:  9    Dex: 12    Spells: 2/2 levels left

rFire    . . .     SeeInvis .   a - +0 flail
rCold    . . .     Gourm    .   b - +0 shield
rNeg     . . .     Faith    .   (helmet restricted)
rPois    .         Spirit   .   (no amulet)
rElec    .         Reflect  .   (no ring)
rCorr    .         Harm     .   (no ring)
MR       .....                  (no ring)
Stlth    ++........             (no ring)
HPRegen  0.08/turn              (no ring)
MPRegen  0.08/turn              (no ring)
                                (no ring)
                                (no ring)

@: lethally poisoned (0 -> -2)
A: almost no armour, stealthy swim, amphibious, 8 rings, constrict 8, camouflage
1, gelatinous body 1
a: no special abilities


You were on level 2 of the Dungeon.
You were not hungry.

You visited 1 branch of the dungeon, and saw 2 of its levels.

You collected 21 gold pieces.

Inventory:

Hand Weapons
 a - a +0 flail (weapon)
Armour
 b - a +0 shield (worn)
Scrolls
 e - a scroll of random uselessness {unknown}
 f - 3 scrolls of identify {unknown}
 h - a scroll of enchant weapon {unknown}
Potions
 c - a potion of might
 g - a potion of mutation {unknown}
Comestibles
 d - a ration


   Skills:
 - Level 3.0 Fighting
 + Level 3.1 Maces & Flails
 - Level 3.0 Dodging
 + Level 3.9 Shields


You had 2 spell levels left.
You didn't know any spells.

Dungeon Overview and Level Annotations

Branches:
Dungeon (2/15)

Altars:


Innate Abilities, Weirdness & Mutations

You cannot wear most types of armour.
You are very stealthy in the water. (Stealth+)
You are amphibious.
You can wear up to eight rings at the same time.
You can use your tentacles to constrict eight enemies at once.
Your skin changes colour to match your surroundings (Stealth+).
Your rubbery body absorbs attacks. (AC +1, EV +1)


Message History

* * * LOW HITPOINT WARNING * * *
You block the adder's attack.
The giant cockroach bites you but does no damage.
The adder bites you.
* * * LOW HITPOINT WARNING * * *
You are lethally poisoned!
The adder poisons you!
You closely miss the adder. Your grab misses the adder.
The adder is almost dead.
* * * LOW HITPOINT WARNING * * *
You feel sick. The adder closely misses you.
You block the giant cockroach's attack. You block the adder's attack.
The giant cockroach misses you.
You hit the adder.
You kill the adder!
You block the giant cockroach's attack. The frilled lizard closely misses you.
You miss the frilled lizard. Your grab misses the frilled lizard.
* * * LOW HITPOINT WARNING * * *
You feel sick. The giant cockroach bites you.
You die...

###### ###....#
#......#### #......†..#
#. #......##.#
#.##......##.#
#..#.......#.###
##..#.s.....#...#
...#.l@....#.#.#
#.#(#######...#
#.####..l....###.######
.......................+
#(###........##..#######
..........<##..#
##...#.#######..#
.....#.# #... ......#..
#.###


You could see a giant cockroach and a frilled lizard.

Vanquished Creatures
  2 adders (D:2)
  An ooze (D:1)
  A worm (D:2)
  2 dart slugs (D:1)
  2 bats (D:1)
  A giant cockroach (D:1)
  4 goblins (D:1)
  2 hobgoblins (D:1)
  A kobold (D:1)
  2 ball pythons (D:1)
  3 frilled lizards
  4 rats (D:1)
25 creatures vanquished.

Notes
Turn   | Place    | Note
-------+----------+-------------------------------------------
     0 | D:1      | inc the Octopode Fighter began the quest for the Orb.
     0 | D:1      | Reached XP level 1. HP: 16/16 MP: 1/1
   120 | D:1      | Reached XP level 2. HP: 18/21 MP: 2/2
   401 | D:1      | Reached XP level 3. HP: 22/26 MP: 3/3
   789 | D:2      | HP: 1/26 [poisoned by an adder]
   791 | D:2      | Slain by a giant cockroach

Skill      XL: |  1  2  3 |
---------------+----------+-----
Maces & Flails | 3 |  3.1
Fighting       | |  3.0
Dodging        | |  3.0
Shields        | |  3.9

Action                   || total
-------------------------++-------
Melee: Flail             ||    56
       Constrict         ||    14
       Tentacles         ||     6
 Stab: Sleeping          ||     3
Armor: Skin              ||     4
Dodge: Dodged            ||    30
Block: Shield            ||    23
